 Dungeon Crawl Stone Soup version 0.25-b1-37-g2669288c55 (webtiles) character file.

Game seed: 13948544265474553222

490 Chiseanne the Magician (level 7, -4/50 HPs)
             Began as a Gnoll Wanderer on June 4, 2020.
             Killed by divine providence
             ... invoked by an orc priest
              (12 damage)
             ... on level 4 of the Dungeon.
             The game lasted 00:13:11 (3469 turns).

Chiseanne the Magician (Gnoll Wanderer)             Turns: 3469, Time: 00:13:11

Health: -4/50      AC:  7    Str: 14    XL:     7   Next: 14%
Magic:  15/15      EV: 12    Int: 23    God:
Gold:   151        SH:  0    Dex: 14    Spells: 16/17 levels left

rFire    . . .     SeeInvis .   a - +2 short sword (venom)
rCold    . . .     Gourm    .   (no shield)
rNeg     . . .     Faith    .   r - +3 leather armour
rPois    .         Spirit   .   (no helmet)
rElec    .         Reflect  .   (no cloak)
rCorr    .         Harm     .   (no gloves)
MR       .....                  l - +0 pair of boots
Stlth    +++.......             (no amulet)
HPRegen  0.16/turn              p - +6 ring of intelligence
MPRegen  0.14/turn              (no ring)

@: no status effects
A: distributed training, fangs 1, strong nose
a: no special abilities


You were on level 4 of the Dungeon.
You were hungry.

You visited 1 branch of the dungeon, and saw 4 of its levels.

You collected 151 gold pieces.

Inventory:

Hand Weapons
 a - a +2 short sword of venom (weapon)
 j - a +2 hand axe of freezing
 k - a +0 mace
Missiles
 b - 42 sling bullets
 d - 12 stones
 f - 11 poisoned darts (quivered)
 i - 58 arrows
 t - 9 boomerangs
Armour
 l - a +0 pair of boots (worn)
 m - a +2 scale mail of cold resistance
 r - a +3 leather armour (worn)
Jewellery
 p - a +6 ring of intelligence (left hand)
Potions
 c - 2 potions of lignification
 e - a potion of heal wounds
 n - 2 potions of haste
 q - a potion of curing
Comestibles
 g - 7 rations


   Skills:
 + Level 2.2 Fighting
 + Level 2.2 Short Blades
 + Level 2.2 Long Blades
 + Level 2.2 Axes
 + Level 2.2 Maces & Flails
 + Level 2.2 Polearms
 + Level 2.2 Staves
 + Level 2.2 Slings
 + Level 2.2 Bows
 + Level 2.2 Crossbows
 + Level 2.2 Throwing
 + Level 2.2 Armour
 + Level 2.2 Dodging
 + Level 4.7 Stealth
 + Level 3.4 Shields
 + Level 5.1 Unarmed Combat
 + Level 5.5 Spellcasting
 + Level 1.8 Conjurations
 + Level 1.8 Hexes
 + Level 1.8 Charms
 + Level 1.8 Summonings
 + Level 4.2 Necromancy
 + Level 1.8 Translocations
 + Level 1.8 Transmutations
 + Level 1.8 Fire Magic
 + Level 1.8 Ice Magic
 + Level 2.8 Air Magic
 + Level 1.8 Earth Magic
 + Level 1.8 Poison Magic
 + Level 2.5 Invocations
 + Level 2.2 Evocations


You had 16 spell levels left.
You knew the following spells:

 Your Spells              Type           Power        Failure   Level  Hunger
a - Shock                 Conj/Air       ###.         4%          1    None

Your spell library contained the following spells:

 Spells                   Type           Power        Failure   Level  Hunger
 Animate Skeleton         Necr           N/A          1%          1    None
 Pain                     Necr           ####         1%          1    None
 Corona                   Hex            ##.....      5%          1    None
 Swiftness                Chrm/Air       ###.....     6%          2    None
 Vampiric Draining        Necr           ####......   6%          3    ##.....
 Static Discharge         Conj/Air       ###.....     13%         3    ##.....
 Summon Guardian Golem    Hex/Summ       ##......     16%         3    ##.....
 Animate Dead             Necr           N/A          19%         4    ####...
 Airstrike                Air            ###.......   34%         4    ####...
 Agony                    Necr           ####....     47%         5    #####..
 Lightning Bolt           Conj/Air       ###.......   75%         5    #####..


Dungeon Overview and Level Annotations

Branches:
Dungeon (4/15)
 Temple: D:4-7

Altars:
Gozag
Nemelex Xobeh
Qazlal


Innate Abilities, Weirdness & Mutations

Your experience applies equally to all skills.
You have very sharp teeth.
Your uncanny sense of smell can sniff out nearby items.


Message History

Press: ? - help, Shift-Dir - straight line, f/p - orc priest
Aim: an orc priest, wielding a +0 whip (lightly wounded, poisoned)
You throw a poisoned dart. The poisoned dart hits the orc priest.
The orc priest is lightly wounded.
Throwing (i - inventory. (/) - cycle)
f - 12 poisoned darts (quivered)
Press: ? - help, Shift-Dir - straight line, f/p - orc priest
Aim: an orc priest, wielding a +0 whip (lightly wounded, poisoned)
You throw a poisoned dart. The poisoned dart hits the orc priest.
The orc priest looks even sicker.
The orc priest is lightly wounded.
The orc priest invokes the aid of Beogh against you.
Pain shoots through your body!
The orc priest invokes the aid of Beogh against you.
Beogh smites you!
The orc priest mumbles some strange prayers to Beogh against you.
Beogh smites you!
* * * LOW HITPOINT WARNING * * *
The orc priest mumbles some strange prayers to Beogh against you.
Beogh smites you!
You die...

#≈≈w #...#...#
#...##≈##.## #≈
###'#)..#
#.....≈..... .
#......#
##...≈.#<#.
#......# #.#.≈..)#.
+....### .##≈#....
###....# #≈#....
#......# # #....
.....##..# #....
#....#..@# .. #....
#....#...# #.#+#
#.... #.......o#
#.#.#... #####
####+####o###...#..
#....####.#≈#...#..
+oo..'..#.#≈#...#.#
#...o##o#.o≈..# #.#
#### #.#..≈..###.#
#.##.≈......###


You could see 3 orc priests.

Vanquished Creatures
  Sigmund (D:2)
  A hound (D:4)
  A bullfrog skeleton (D:4)
  An orc priest (D:4)
  2 orc wizards
  Jessica (D:2)
  Natasha (twice) (D:3)
  A hound skeleton (D:4)
  3 adders
  2 oozes
  A worm (D:3)
  2 dart slugs
  2 leopard geckos
  11 orcs
  3 giant cockroaches
  A goblin (D:1)
  4 hobgoblins
  2 jackals (D:3)
  2 quokkas (D:3)
  3 bats
  3 frilled lizards
  3 kobolds
  3 rats
55 creatures vanquished.

Notes
Turn   | Place    | Note
-------+----------+-------------------------------------------
     0 | D:1      | Chiseanne the Gnoll Wanderer began the quest for the Orb.
     0 | D:1      | Chiseanne set off with the following items: a +0 club, a
                  | potion of lignification, a +0 robe, a +0 dagger, a ration;
                  | and the following spells available to memorise: Shock,
                  | Corona, Swiftness, Static Discharge, Summon Guardian Golem,
                  | Airstrike, Lightning Bolt
     0 | D:1      | Reached XP level 1. HP: 13/13 MP: 6/6
    11 | D:1      | Learned a level 1 spell: Shock
   274 | D:1      | Reached XP level 2. HP: 19/19 MP: 0/7
   561 | D:2      | Noticed Sigmund
   660 | D:2      | Reached XP level 3. HP: 22/25 MP: 1/9
   779 | D:2      | Reached skill level 5 in Spellcasting
  1012 | D:2      | Noticed Jessica
  1028 | D:2      | Killed Jessica
  1028 | D:2      | Reached skill level 1 in Fighting
  1028 | D:2      | Reached skill level 1 in Short Blades
  1028 | D:2      | Reached skill level 1 in Long Blades
  1028 | D:2      | Reached skill level 1 in Axes
  1028 | D:2      | Reached skill level 1 in Maces & Flails
  1028 | D:2      | Reached skill level 1 in Polearms
  1028 | D:2      | Reached skill level 1 in Staves
  1028 | D:2      | Reached skill level 1 in Slings
  1028 | D:2      | Reached skill level 1 in Bows
  1028 | D:2      | Reached skill level 1 in Crossbows
  1028 | D:2      | Reached skill level 1 in Throwing
  1028 | D:2      | Reached skill level 1 in Armour
  1028 | D:2      | Reached skill level 1 in Dodging
  1028 | D:2      | Reached skill level 1 in Invocations
  1028 | D:2      | Reached skill level 1 in Evocations
  1028 | D:2      | Reached XP level 4. HP: 32/32 MP: 4/11
  1317 | D:2      | Killed Sigmund
  1317 | D:2      | Reached skill level 1 in Conjurations
  1317 | D:2      | Reached skill level 1 in Hexes
  1317 | D:2      | Reached skill level 1 in Charms
  1317 | D:2      | Reached skill level 1 in Summonings
  1317 | D:2      | Reached skill level 1 in Translocations
  1317 | D:2      | Reached skill level 1 in Transmutations
  1317 | D:2      | Reached skill level 1 in Fire Magic
  1317 | D:2      | Reached skill level 1 in Ice Magic
  1317 | D:2      | Reached skill level 1 in Earth Magic
  1317 | D:2      | Reached skill level 1 in Poison Magic
  1317 | D:2      | Reached XP level 5. HP: 23/38 MP: 5/12
  1508 | D:3      | Noticed Natasha
  1517 | D:3      | Killed Natasha
  1517 | D:3      | Reached XP level 6. HP: 35/44 MP: 10/13
  1688 | D:3      | Noticed Natasha
  1703 | D:3      | Killed Natasha
  2017 | D:3      | Reached skill level 5 in Unarmed Combat
  2111 | D:4      | Found an opulent altar of Gozag.
  2116 | D:4      | Found a stormy altar of Qazlal.
  2352 | D:4      | HP: 2/44 [orc wizard/+0 dagger (5)]
  2936 | D:4      | Found a sparkling altar of Nemelex Xobeh.
  2978 | D:4      | Reached XP level 7. HP: 22/50 MP: 15/15
  3469 | D:4      | Killed from afar by an orc priest

Illustrated notes

Levels and vault maps discovered:
D:1:      lemuel_arrival_broad_hall, layout_basic, hangedman_decor_riveting,
          minmay_tetromino_s4
D:2:      layout_basic, uniq_jessica, uniq_sigmund
D:3:      layout_loops_cross, first_ration, uniq_natasha
D:4:      layout_basic, kennysheep_slug_shrine,
          chequers_temple_overflow_statue_of_worship, serial_rivers,
          chequers_serial_rivers_micro_a, chequers_serial_rivers_small_b,
          chequers_serial_rivers_small_a, chequers_serial_rivers_micro_a,
          nemelex_xobeh_ov_fountains_minmay

Skill      XL: |  1  2  3  4  5  6 |
---------------+-------------------+-----
Air Magic      | 2 |  2.8
Spellcasting   | 5 |  5.5
Fighting       | 1 2 |  2.2
Short Blades   | 1 2 |  2.2
Long Blades    | 1 2 |  2.2
Axes           | 1 2 |  2.2
Maces & Flails | 1 2 |  2.2
Polearms       | 1 2 |  2.2
Staves         | 1 2 |  2.2
Slings         | 1 2 |  2.2
Bows           | 1 2 |  2.2
Crossbows      | 1 2 |  2.2
Throwing       | 1 2 |  2.2
Armour         | 1 2 |  2.2
Dodging        | 1 2 |  2.2
Invocations    | 1 2 |  2.5
Evocations     | 1 2 |  2.2
Shields        | 3 |  3.4
Conjurations   | 1 |  1.8
Hexes          | 1 |  1.8
Charms         | 1 |  1.8
Summonings     | 1 |  1.8
Necromancy     | 4 |  4.2
Translocations | 1 |  1.8
Transmutations | 1 |  1.8
Fire Magic     | 1 |  1.8
Ice Magic      | 1 |  1.8
Earth Magic    | 1 |  1.8
Poison Magic   | 1 |  1.8
Unarmed Combat | 5 |  5.1
Stealth        | |  4.7

Action                   |  1- 3 |  4- 6 |  7- 9 || total
-------------------------+-------+-------+-------++-------
Melee: Club              |     2 |       |       ||     2
       Mace              |    16 |    64 |       ||    80
       Bite              |       |    19 |       ||    19
       Short sword       |       |    35 |       ||    35
       Punch             |       |     3 |       ||     3
Throw: Dart              |     5 |     9 |     3 ||    17
 Cast: Shock             |    42 |    39 |    12 ||    93
  Use: Scroll            |     1 |     7 |     3 ||    11
       Potion            |       |     5 |       ||     5
 Stab: Sleeping          |       |     6 |       ||     6
       Invisible         |       |     1 |       ||     1
  Eat: Chunk             |       |     6 |     1 ||     7
Armor: Robe              |     9 |    11 |       ||    20
       Leather armour    |       |    17 |     3 ||    20
Dodge: Dodged            |    20 |    85 |     8 ||   113
